Map: Croisement de Kairos EC

Players

WhackMaster

  • Race: Zerg Zerg
  • League: Master
  • Spawn Location: 11:00

llllllllllll - Winner!

  • Race: Protoss Protoss
  • League: Master
  • Spawn Location: 5:00

VOD

Have the link to the VOD?

Description

Time

  • Played on: Dec. 5, 2018, 3:43 p.m.
  • Length: 5:24
Show
View Real Time Build Order
Export as new Build Order

WhackMaster Zerg 

Build Orders: 1 Base Baneling Bust, Pool Only, Zergling Baneling 

Get SALT Encoding   

  12  0:17  Spawning Pool  
  11  0:23  Drone  
  11  0:27  Drone  
  13  0:33  Drone  
  14  0:39  Extractor  
  13  0:43  Overlord  
  14  1:04  Zergling x4  
  14  1:06  Zergling x2  
  14  1:09  Queen  
  18  1:18  Zergling x2  
  19  1:30  Zergling x2  
  20  1:40  Metabolic Boost  
  20  1:41  Zergling x2  
  21  2:03  Zergling x2  
  21  2:10  Baneling Nest, Zergling x4  
  21  2:23  Zergling x2  
  21  2:25  Overlord  
  22  2:31  Extractor  
  22  2:32  Zergling x2  
  24  2:51  Zergling x8  
  27  3:06  Baneling x7  
  27  3:13  Baneling  
  27  3:19  Zergling x4  
  24  3:46  Zergling x2  
  24  3:47  Zergling x4  
  24  3:48  Zergling x2  
  22  4:01  Zergling x6  
  24  4:08  Zergling x2  
  25  4:21  Baneling x3  
  25  4:22  Baneling x3  
  17  4:53  Zergling x4  
  17  4:54  Zergling x6  
  17  4:59  Zergling x2  
Show
View Real Time Build Order
Export as new Build Order

llllllllllll Protoss - Winner!

Build Orders: Oracle Opening 

Get SALT Encoding   

  12  0:00  Probe  
  13  0:13  Probe  
  14  0:19  Pylon  
  14  0:21  Probe  
  15  0:33  Probe  
  15  0:40  Gateway  
  16  0:44  Probe  
  16  0:48  Assimilator  
  17  0:56  Probe  
  18  1:03  Forge  
  18  1:05  Probe  
  19  1:13  Probe  
  20  1:23  Probe  
  21  1:27  Cybernetics Core  
  21  1:36  Photon Cannon  
  21  1:40  Probe  
  21  2:03  Nexus  
  21  2:10  Pylon  
  21  2:17  Probe  
  21  2:21  Assimilator  
  22  2:29  Pylon  
  22  2:32  Stargate  
  22  2:37  Probe  
  23  2:46  Pylon  
  23  2:48  Probe  
  23  2:50  Warp Gate  
  24  2:52  Adept  
  24  2:56  Probe  
  27  3:07  Probe  
  27  3:09  Shield Battery  
  28  3:13  Oracle  
  29  3:26  Gateway  
  31  3:33  Photon Cannon  
  31  3:39  Pylon  
  29  3:51  Gateway  
  29  3:55  Oracle  
  29  4:10  Gateway  
  29  4:11  Probe  
  29  4:24  Probe  
  29  4:29  Probe  
  30  4:40  Probe  
  31  4:47  Pylon  
  31  4:54  Probe  
  32  5:05  Pylon  
  32  5:07  Probe x2  
  33  5:10  Shield Battery  
Tags
 
Add a new tag
Caveats
  • Supply blocks, unpowered buildings, or Contaminate may cause inaccurate times.
  • Supply counts are checked every 10 seconds.